 Dungeon Crawl Stone Soup version 0.30-a0-728-gc68057be0a (webtiles) character file.

Game seed: 16343209253385030087

776 bmack86 the Chopper (level 7, -3/59 (61) HPs)
             Began as a Minotaur Fighter on Feb 1, 2023.
             Was an Initiate of Okawaru.
             Slain by a wight
             ... wielding a +2 battleaxe of freezing
              (4 damage)
             ... on level 6 of the Dungeon.
             The game lasted 00:08:48 (2216 turns).

bmack86 the Chopper (Minotaur Fighter)              Turns: 2216, Time: 00:08:49

HP:   -3/59 (61)    AC:  8    Str: 22    XL:     7   Next: 54%
MP:   6/6           EV: 14    Int:  5    God:    Okawaru [......]
Gold: 242           SH: 10    Dex: 10    Spells: 6/6 levels left

rFire   . . .      SeeInvis .    a - +0 war axe
rCold   . . .      Faith    .    c - +0 buckler
rNeg    . . .      Spirit   .    b - +0 scale mail
rPois   .          Reflect  +    (helmet restricted)
rElec   .          Harm     .    (no cloak)
rCorr   .          Rampage  .    d - +0 pair of gloves
Will    .....                    (no boots) Stlth
                                 k - amulet of reflection
HPRegen 0.29/turn                g - +5 ring of evasion
MPRegen 0.10/turn                (no ring)

@: lightly drained
A: horns 2, retaliatory headbutt
a: Renounce Religion


You were on level 6 of the Dungeon.
You worshipped Okawaru.
Okawaru was noncommittal.
You visited 2 branches of the dungeon, and saw 6 of its levels.

You collected 242 gold pieces.

Inventory:

Hand Weapons
 a - a +0 war axe (weapon)
Missiles
 i - a poisoned dart
 m - a throwing net
 s - 5 javelins (quivered)
 w - 5 boomerangs
Armour
 b - a +0 scale mail (worn)
 c - a +0 buckler (worn)
 d - a +0 pair of gloves (worn)
Jewellery
 g - a +5 ring of evasion (left hand)
 k - an amulet of reflection (around neck)
Scrolls
 e - a scroll of blinking {unknown}
 f - a scroll of magic mapping
 j - a scroll of amnesia {unknown}
 n - 2 scrolls of noise {unknown}
 q - 3 scrolls of immolation {unknown}
 t - 2 scrolls of enchant weapon {unknown}
 x - a scroll of identify
Potions
 h - a potion of curing
 l - 2 potions of brilliance {unknown}
 o - 2 potions of attraction
 p - a potion of lignification {unknown}
 r - a potion of magic {unknown}
 u - a potion of mutation {unknown}
 v - a potion of cancellation {unknown}


   Skills:
 + Level 5.4 Fighting
 * Level 6.2 Axes
 + Level 3.0 Throwing
 + Level 5.3 Armour
 + Level 5.3 Shields
 + Level 1.3 Invocations


You had 6 spell levels left.
You didn't know any spells.
Your spell library contained the following spells:

 Spells                   Type           Power      Damage    Failure   Level
 Magic Dart               Conj           0%         1d3       86%         1
 Searing Ray              Conj           0%         2d4       95%         2
 Fulminant Prism          Conj/Hex       0%         3d5       100%        4


Dungeon Overview and Level Annotations

Branches:
Dungeon (6/15)             Temple (1/1) D:6

Altars:
Dithmenos
Gozag
Hepliaklqana
Makhleb
Okawaru
Qazlal
Trog
Xom
Yredelemnul
Zin
The Shining One

Shops:
D:1 ::*(   D:3 (


Innate Abilities, Weirdness & Mutations

You have a pair of horns on your head.
You reflexively headbutt those who attack you in melee.


Message History

The wight is severely damaged.
You closely miss the wight. You block the wight's attack.
The wight hits you with a +2 battleaxe of freezing!
You feel drained. The wight freezes you.
You hit the wight but do no damage. Your headbutt misses the wight.
The wight is severely damaged.
You barely miss the wight. The wight barely misses you.
The wight hits you with a +2 battleaxe of freezing!
* * * LOW HITPOINT WARNING * * *
The wight freezes you.
* * * LOW HITPOINT WARNING * * *
The wight closely misses you. The wight hits you with a +4 flail.
* * * LOW HITPOINT WARNING * * *
You feel drained.
* * * LOW HITPOINT WARNING * * *
You closely miss the wight.
The wight is severely damaged.
You closely miss the wight. The wight misses you. You furiously retaliate!
You headbutt the wight!
You destroy the wight!
Okawaru accepts your kill. The wight hits you but does no damage.
Your life force feels restored.
The wight hits you with a +2 battleaxe of freezing.
* * * LOW HITPOINT WARNING * * *
You feel drained.
* * * LOW HITPOINT WARNING * * *
The wight freezes you.
* * * LOW HITPOINT WARNING * * *
You barely miss the wight.
The wight is lightly damaged.
You block the wight's attack.
You feel better. The wight barely misses you. You furiously retaliate!
You headbutt the wight. You hit the wight but do no damage.
The wight is heavily damaged.
The wight hits you with a +2 battleaxe of freezing!
* * * LOW HITPOINT WARNING * * *
The wight freezes you.
You die...

.## #... ...# #...
#....#...
#.#..#..#####
.......#...#
##....#.#.#
#....)z...##
#.@....#########
#)#.##.#.......#
#.#.##.#.......#
..#.##.........#
#######.###........#
#.. #.# ##.......#
.. #.# #.# #.......#
#'# #.# #.#
#.......# #.#####.#
#.......####


You could see a wight.

Vanquished Creatures
  A shadow (Temple)
  An ogre (D:6)
  A centaur (D:6)
  2 bullfrogs
  A wight (D:6)
  4 hounds
  4 gnolls (D:3)
  4 adders
  A shadow imp (D:6)
  A white imp (D:6)
  An ufetubus (D:6)
  3 dart slugs (D:2)
  2 bats
  7 endoplasms
  7 giant cockroaches
  5 goblins
  9 hobgoblins
  3 jackals (D:2)
  9 kobolds
  2 quokkas (D:2)
  7 ball pythons
  3 frilled lizards
  2 rats
80 creatures vanquished.

Notes
Turn   | Place    | Note
-------+----------+-------------------------------------------
     0 | D:1      | bmack86 the Minotaur Fighter began the quest for the Orb.
     0 | D:1      | Reached XP level 1. HP: 19/19 MP: 0/0
    34 | D:1      | Found Zasavare's Book Emporium.
   142 | D:1      | Reached XP level 2. HP: 27/27 MP: 1/1
   149 | D:1      | Found Ygrahof's Distillery.
   174 | D:1      | Found Jaqepyog's General Store.
   214 | D:1      | Reached skill level 3 in Axes
   214 | D:1      | Found Faefyr's Book Shop.
   402 | D:1      | Found a faded altar of an unknown god.
   447 | D:1      | Found Suono's Weapon Shoppe.
   687 | D:2      | Reached XP level 3. HP: 32/33 MP: 2/2
   929 | D:2      | Reached XP level 4. HP: 40/40 MP: 3/3
   930 | D:2      | Found a shimmering altar of Xom.
  1022 | D:2      | Reached skill level 1 in Throwing
  1287 | D:3      | Noticed a bullfrog
  1298 | D:3      | Killed a bullfrog
  1299 | D:3      | Reached skill level 4 in Axes
  1299 | D:3      | Reached XP level 5. HP: 42/47 MP: 4/4
  1387 | D:3      | Found Akeani's Weapon Emporium.
  1881 | D:4      | You fall into a shaft and drop 2 floors!
  1885 | D:6      | Found a staircase to the Ecumenical Temple.
  1893 | D:6      | Noticed a shadow
  1894 | D:6      | Noticed an ogre
  1898 | Temple   | Entered the Ecumenical Temple
  1902 | Temple   | Reached XP level 6. HP: 6/53 MP: 5/5
  1904 | Temple   | Killed a shadow
  1905 | Temple   | Reached skill level 5 in Axes
  1907 | Temple   | Reached skill level 5 in Fighting
  1907 | Temple   | Reached skill level 5 in Armour
  1907 | Temple   | Reached skill level 5 in Shields
  1950 | Temple   | Became a worshipper of Warmaster Okawaru
  2093 | D:6      | Reached XP level 7. HP: 55/61 MP: 6/6
  2145 | D:6      | Found a burning altar of Makhleb.
  2207 | D:6      | Reached skill level 6 in Axes
  2207 | D:6      | Reached skill level 1 in Invocations
  2216 | D:6      | HP: 1/59 [wight/+2 battleaxe of freezing (10)]
  2216 | D:6      | Slain by a wight

Illustrated notes

Levels and vault maps discovered:
D:1:      psy_arrival_spokes, layout_loops_cross, serial_shops,
          nicolae_shop_stone, nicolae_shop_stone, nicolae_shop_crystal, shop,
          nicolae_shop_hallway_stairs, ebering_ecumenical_altar_box
D:2:      minmay_diamond_boxcup, layout_rooms, basic_altar
D:3:      layout_rooms, serial_shops, nicolae_shop_behind_doors,
          nicolae_figureground_sparkle
D:4:      layout_rooms, serial_glass, glass_columns_b, glass_columns_a,
          enter_ossuary_5, uniq_natasha
D:6:      layout_basic, cheibriados_altar_1, bloody_makhleb,
          minmay_temple_entry_slanted, uniq_edmund, uniq_grinder
Temple:   nicolae_temple_superstar

Skill      XL: |  1  2  3  4  5  6  7 |
---------------+----------------------+-----
Axes           | 3 4 5 6 |  6.2
Armour         | 4 5 |  5.3
Fighting       | 4 5 |  5.4
Shields        | 4 5 |  5.3
Throwing       | 1 2 3 |  3.0
Invocations    | 1 |  1.3

Action                     |  1- 3 |  4- 6 |  7- 9 || total
---------------------------+-------+-------+-------++-------
  Melee: War axe           |    66 |    67 |    22 ||   155
         Headbutt          |     7 |    12 |     3 ||    22
  Throw: Javelin           |       |     6 |       ||     6
         Dart              |       |     2 |       ||     2
    Use: Scroll            |       |     4 |       ||     4
         Potion            |       |     2 |     1 ||     3
 Armour: Scale mail        |    19 |    22 |     5 ||    46
  Dodge: Dodged            |    52 |    63 |    11 ||   126
  Block: Buckler           |    31 |    58 |    12 ||   101
         Reflection        |     2 |     1 |       ||     3

Table legend: (Time is in decaauts)
 A = Elapsed time spent in this place.
 B = Non-inter-level travel time spent in this place.
 C = Inter-level travel time spent in this place.
 D = Time resting spent in this place.
 E = Time spent auto-exploring this place.
 F = Levels seen in this place.
 G = Mean time per level.
                   A        B        C        D        E       F      G
               +--------+--------+--------+--------+--------+-----+--------+
         Total |   2270 |   2153 |    117 |    112 |   1030 |   6 |  378.3 |
       Dungeon |   2083 |   1983 |    100 |      0 |   1030 |   5 |  416.6 |
        Temple |    186 |    169 |     17 |    112 |      0 |   1 |  186.0 |
               +--------+--------+--------+--------+--------+-----+--------+

Top non-repeatable levels by time:
     D:1: 691 daAuts
     D:2: 625 daAuts
     D:3: 583 daAuts
  Temple: 186 daAuts
     D:6: 157 daAuts
     D:4: 26 daAuts
